 Dungeon Crawl Stone Soup version 0.27-a0-475-g4587593e40 (webtiles) character file.

Game seed: 5300408318024566086

25 Nattfarinn the Cudgeller (level 3, 0/23 HPs)
             Began as a Gargoyle Gladiator on Mar 1, 2021.
             Slain by Terence
             ... wielding a +2 flail of holy wrath
              (5 damage)
             ... on level 2 of the Dungeon.
             The game lasted 00:01:25 (853 turns).

Nattfarinn the Cudgeller (Gargoyle Gladiator)        Turns: 853, Time: 00:01:25

Health: 0/23       AC:  8    Str: 17    XL:     3   Next: 4%
Magic:  3/3        EV: 12    Int:  8    God:
Gold:   43         SH:  0    Dex: 12    Spells: 2/2 levels left

rFire    . . .     SeeInvis .   a - +0 flail
rCold    . . .     Faith    .   (no shield)
rNeg     + . .     Spirit   .   j - +0 leather armour
rPois    ∞         Reflect  .   c - +0 helmet
rElec    +         Harm     .   (no cloak)
rCorr    .         Rampage  .   (no gloves)
Will     .....                  k - +0 pair of boots
Stlth    +.........             (no amulet)
HPRegen  0.07/turn              (no ring)
MPRegen  0.08/turn              (no ring)

@: no status effects
A: negative energy resistance 1, electricity resistance, unbreathing,
petrification resistance, miasma immunity, AC +3
a: no special abilities


You were on level 2 of the Dungeon.
You visited 1 branch of the dungeon, and saw 2 of its levels.

You collected 43 gold pieces.

Inventory:

Hand Weapons
 a - a +0 flail (weapon)
Missiles
 d - 3 throwing nets (quivered)
 i - 69 arrows
Armour
 c - a +0 helmet (worn)
 j - a +0 leather armour (worn)
 k - a +0 pair of boots (worn)
Jewellery
 e - an amulet of faith
Scrolls
 f - a scroll of amnesia {unknown}
 h - a scroll of random uselessness {unknown}
Potions
 b - a potion of lignification {unknown}
 g - a potion of curing {unknown}


   Skills:
 * Level 3.3 Fighting
 + Level 3.3 Maces & Flails
 - Level 1.7 Throwing
 - Level 2.4 Dodging


You had 2 spell levels left.
You didn't know any spells.
Your spell library was empty.

Dungeon Overview and Level Annotations

Branches:
Dungeon (2/15)

Altars:

Annotations:
D:2 Terence


Innate Abilities, Weirdness & Mutations

You are resistant to torment.
Your stone body is resilient. (AC +3)
You are immune to poison.
You resist negative energy. (rN+)
You are resistant to electric shocks. (rElec)
You can survive without breathing.
You are immune to petrification.
You are immune to miasma.


Message History

Found a scale mail.
As you close the door, it creaks loudly!
No target in view!
You open the door. You hit Terence but do no damage.
Terence hits you but does no damage.
You hit Terence.
Terence is lightly wounded.
Terence hits you with a +2 flail of holy wrath.
You completely miss Terence.
Terence is lightly wounded.
Terence hits you but does no damage.
You barely miss Terence.
Terence is lightly wounded.
Terence hits you with a +2 flail of holy wrath.
You completely miss Terence.
Terence is lightly wounded.
Terence barely misses you.
You barely miss Terence.
Terence is lightly wounded.
Terence hits you with a +2 flail of holy wrath!
You hit Terence.
Terence is lightly wounded.
Terence closely misses you.
You hit Terence.
Terence is moderately wounded.
Terence hits you but does no damage.
You hit Terence.
Terence is heavily wounded.
Terence misses you.
You hit Terence but do no damage.
Terence is heavily wounded.
Terence hits you but does no damage.
You thump Terence!
Terence is almost dead.
Terence hits you with a +2 flail of holy wrath.
* * * LOW HITPOINT WARNING * * *
You closely miss Terence.
Terence is almost dead.
Terence hits you with a +2 flail of holy wrath.
You die...

# #. ##.####### ##
#........ ... #.......#
.... #.......# ....[
###.......#......
...>.....@@......
##########......#......
#...............# #####
##.#).....[).####
#.#.#######.#
#.#.......#.#
#.#######.#.# #.# #.#.#
#.#######.#.#


You could see Terence.

Vanquished Creatures
  An adder (D:2)
  A bat (D:2)
  3 goblins
  3 hobgoblins
  3 kobolds (D:1)
  4 rats (D:1)
15 creatures vanquished.

Notes
Turn   | Place    | Note
-------+----------+-------------------------------------------
     0 | D:1      | Nattfarinn the Gargoyle Gladiator began the quest for the
                  | Orb.
     0 | D:1      | Reached XP level 1. HP: 12/12 MP: 1/1
   468 | D:1      | Reached XP level 2. HP: 17/18 MP: 2/2
   802 | D:2      | Reached XP level 3. HP: 20/23 MP: 3/3
   837 | D:2      | Noticed Terence
   853 | D:2      | Slain by Terence

Illustrated notes

Levels and vault maps discovered:
D:1:      dpeg_arrival_rhombi, layout_basic, serial_bayou_lake_a
D:2:      layout_basic, uniq_crazy_yiuf_cottage, uniq_terence

Skill      XL: |  1  2 |
---------------+-------+-----
Fighting       | 3 |  3.3
Maces & Flails | |  3.3
Throwing       | |  1.7
Dodging        | |  2.4

Action                   || total
-------------------------++-------
Melee: Flail             ||    61
Armor: Leather armour    ||    21
Dodge: Dodged            ||    36

Table legend: (Time is in decaauts)
 A = Elapsed time spent in this place.
 B = Non-inter-level travel time spent in this place.
 C = Inter-level travel time spent in this place.
 D = Time resting spent in this place.
 E = Time spent auto-exploring this place.
 F = Levels seen in this place.
 G = Mean time per level.
                   A        B        C        D        E       F      G
               +--------+--------+--------+--------+--------+-----+--------+
         Total |    892 |    852 |     40 |      0 |    699 |   2 |  446.0 |
       Dungeon |    892 |    852 |     40 |      0 |    699 |   2 |  446.0 |
               +--------+--------+--------+--------+--------+-----+--------+

Top non-repeatable levels by time:
     D:1: 713 daAuts
     D:2: 179 daAuts
